 Dungeon Crawl Stone Soup version 0.29-a0-563-g64e4043184 (webtiles) character file.

Game seed: 7753909252113070195

1040 LilSandi the Cleaver (level 8, -4/69 HPs)
             Began as a Hill Orc Monk on June 12, 2022.
             Killed from afar by Maggie (15 damage)
             ... with a bolt of fire
             ... on level 6 of the Dungeon.
             The game lasted 00:24:03 (5371 turns).

LilSandi the Cleaver (Hill Orc Monk)                Turns: 5371, Time: 00:24:04

Health: -4/69      AC: 14    Str: 16    XL:     8   Next: 24%
Magic:  8/8        EV:  5    Int: 10    God:
Gold:   277        SH:  0    Dex: 13    Spells: 7/7 levels left

rFire   . . .      SeeInvis .   a - +3 hand axe (venom)
rCold   . . .      Faith    .   (no shield)
rNeg    . . .      Spirit   .   r - +0 plate armour
rPois   .          Reflect  .   i - +1 helmet
rElec   .          Harm     .   (no cloak)
rCorr   .          Rampage  .   (no gloves)
Will    .....                   (no boots)
Stlth   ..........              (no amulet)
HPRegen 0.21/turn               (no ring)
MPRegen 0.11/turn               (no ring)

@: confused, ambrosia-drunk, mesmerised
A: no striking features
a: no special abilities


You were on level 6 of the Dungeon.
You visited 1 branch of the dungeon, and saw 6 of its levels.

You collected 277 gold pieces.

Inventory:

Hand Weapons
 a - a +3 hand axe of venom (weapon)
Missiles
 k - 6 boomerangs
 l - 6 atropa-tipped darts
Armour
 i - a +1 helmet (worn)
 p - a +0 chain mail
 r - a +0 plate armour (worn)
Magical Staves
 t - a staff of conjuration
Wands
 e - a wand of flame (34) (quivered)
 m - a wand of mindburst (8)
Scrolls
 f - a scroll of noise
 g - a scroll of vulnerability
 h - 5 scrolls of teleportation
 j - 2 scrolls of brand weapon
 n - a scroll of fear
 q - a scroll of fog
 s - a scroll of poison {unknown}
Potions
 b - a potion of degeneration {unknown}
 c - a potion of ambrosia
 d - a potion of magic
 o - a potion of berserk rage {unknown}
 u - a potion of flight
 v - a potion of mutation {unknown}


   Skills:
 + Level 5.4 Fighting
 + Level 9.0 Axes
 + Level 0.6 Throwing
 + Level 4.5 Armour
 + Level 3.1 Dodging
 + Level 2.5 Stealth
 + Level 2.2 Evocations


You had 7 spell levels left.
You didn't know any spells.
Your spell library contained the following spells:

 Spells                   Type           Power      Damage    Failure   Level
 Summon Small Mammal      Summ           0%         N/A       100%        1
 Call Canine Familiar     Summ           0%         N/A       100%        3
 Summon Guardian Golem    Hex/Summ       0%         N/A       100%        3


Dungeon Overview and Level Annotations

Branches:
Dungeon (6/15)
 Temple: D:4-7

Altars:
Zin

Annotations:
D:6 Maggie


Message History

Maggie is heavily wounded.
Maggie hits you but does no damage.
You hit Maggie but do no damage.
Maggie is heavily wounded.
Maggie points at you and mumbles some strange words.
The bolt of fire hits you!
You closely miss Maggie.
Maggie is heavily wounded.
Maggie drinks a potion.
Maggie is healed!
Okay, then.
You slash Maggie!
Maggie looks even sicker.
Maggie is moderately wounded.
You barely miss Maggie.
Maggie is moderately wounded.
Maggie gestures wildly while chanting.
Maggie attempts to bespell you!
You are mesmerised by Maggie!
Aiming: Mindburst
Press: ? - help, Shift-Dir - straight line, f/p - Maggie
Aim: Maggie, wielding a +2 scimitar of flaming and wearing +0 swamp dragon scales (moderately wounded, mesmerising, very poisoned, chance to affect: 73%) Maggie's mind is blasted!!
Maggie hits you with a +2 scimitar of flaming.
Maggie burns you.
You are confused.
You feel invigorated.
Maggie hits you with a +2 scimitar of flaming!
* * * LOW HITPOINT WARNING * * *
Maggie burns you.
* * * LOW HITPOINT WARNING * * *
Unknown command.
You hit Maggie.
Maggie looks as sick as possible!
Maggie is almost dead.
Maggie hits you with a +2 scimitar of flaming!
* * * LOW HITPOINT WARNING * * *
Maggie burns you.
* * * LOW HITPOINT WARNING * * *
You're too confused to move!
Maggie points at you and mumbles some strange words.
The bolt of fire hits you!
You die...

#.# #.# #>.
#.# #.# #.#
###.### #.#
#.....# ..
#.#
#.....##...
#.#
#.[........
#.#
#...@.....)
#.# #@# #.#
#.# ###.# #.#
#...# #.#
##.########.#
#...........#
#########†..#
#...# #...#


You could see Maggie (mesmerising, extremely poisoned).

Vanquished Creatures
  Eustachio (D:5)
  A water moccasin (D:5)
  An ice beast (D:5)
  An ogre (D:5)
  5 scorpions (D:5)
  A howler monkey (D:5)
  A hound (D:4)
  Jessica (D:2)
  2 iguanas
  10 adders
  A dart slug (D:4)
  5 orcs
  9 bats
  10 endoplasms
  5 giant cockroaches
  3 goblins
  6 hobgoblins
  A jackal (D:2)
  11 kobolds
  4 quokkas
  12 ball pythons
  4 rats
95 creatures vanquished.

Notes
Turn   | Place    | Note
-------+----------+-------------------------------------------
     0 | D:1      | LilSandi the Hill Orc Monk began the quest for the Orb.
     0 | D:1      | Reached XP level 1. HP: 19/19 MP: 1/1
   146 | D:1      | Reached XP level 2. HP: 15/27 MP: 2/2
   450 | D:1      | You fall into a shaft and drop 1 floor!
   653 | D:2      | Reached XP level 3. HP: 30/33 MP: 3/3
  1088 | D:1      | Reached skill level 5 in Axes
  1176 | D:1      | Reached XP level 4. HP: 36/40 MP: 4/4
  1682 | D:2      | Noticed Jessica
  1692 | D:2      | Killed Jessica
  1693 | D:2      | Reached skill level 1 in Armour
  2241 | D:3      | Reached XP level 5. HP: 47/47 MP: 5/5
  2743 | D:3      | Reached skill level 6 in Axes
  2930 | D:4      | Noticed a black bear
  3712 | D:4      | Reached XP level 6. HP: 53/53 MP: 6/6
  4145 | D:5      | Entered Level 5 of the Dungeon
  4255 | D:5      | Noticed Eustachio
  4440 | D:5      | Noticed a water moccasin
  4452 | D:5      | Killed a water moccasin
  4453 | D:5      | Reached skill level 5 in Fighting
  4453 | D:5      | Reached skill level 7 in Axes
  4453 | D:5      | Reached XP level 7. HP: 44/61 MP: 7/7
  4616 | D:5      | Reached skill level 1 in Evocations
  4810 | D:5      | Killed Eustachio
  4931 | D:5      | Reached skill level 8 in Axes
  5076 | D:5      | Reached XP level 8. HP: 63/69 MP: 8/8
  5087 | D:5      | Reached skill level 9 in Axes
  5168 | D:5      | Found a glowing silver altar of Zin.
  5354 | D:6      | Noticed Maggie
  5371 | D:6      | Killed from afar by Maggie

Illustrated notes

Levels and vault maps discovered:
D:1:      dpeg_arrival_houses_and_road, layout_basic
D:2:      minmay_spotlight, layout_basic, uniq_jessica
D:3:      layout_rooms, chequers_serial_rivers_micro_d, minmay_snake_closets
D:4:      layout_basic
D:5:      layout_basic, kennysheep_mini_moat, uniq_eustachio
D:6:      wad_pebble_path, layout_basic, nicolae_figureground_sparkle,
          uniq_maggie

Skill      XL: |  1  2  3  4  5  6  7  8 |
---------------+-------------------------+-----
Fighting       | 4 5 |  5.4
Axes           | 5 6 7 8 9 |  9.0
Armour         | 1 2 3 4 |  4.5
Stealth        | 2 |  2.5
Dodging        | 3 |  3.1
Evocations     | 1 2 |  2.2
Throwing       | |  0.6

Action                   |  1- 3 |  4- 6 |  7- 9 || total
-------------------------+-------+-------+-------++-------
Melee: Hand axe          |   128 |   157 |    56 ||   341
       Punch             |     2 |     1 |     1 ||     4
Throw: Dart              |       |     4 |       ||     4
Evoke: Wand              |       |    10 |    11 ||    21
  Use: Scroll            |       |    10 |     3 ||    13
       Potion            |       |     4 |     2 ||     6
 Stab: Sleeping          |     3 |     7 |       ||    10
Armor: Robe              |     8 |       |       ||     8
       Leather armour    |    24 |    18 |       ||    42
       Chain mail        |       |    34 |       ||    34
       Plate armour      |       |    26 |    21 ||    47
Dodge: Dodged            |   103 |    76 |    11 ||   190

Table legend: (Time is in decaauts)
 A = Elapsed time spent in this place.
 B = Non-inter-level travel time spent in this place.
 C = Inter-level travel time spent in this place.
 D = Time resting spent in this place.
 E = Time spent auto-exploring this place.
 F = Levels seen in this place.
 G = Mean time per level.
                   A        B        C        D        E       F      G
               +--------+--------+--------+--------+--------+-----+--------+
         Total |   5381 |   5358 |     23 |   1028 |   2616 |   6 |  896.8 |
       Dungeon |   5381 |   5358 |     23 |   1028 |   2616 |   6 |  896.8 |
               +--------+--------+--------+--------+--------+-----+--------+

Top non-repeatable levels by time:
     D:4: 1300 daAuts
     D:5: 1074 daAuts
     D:2: 1065 daAuts
     D:3: 956 daAuts
     D:1: 921 daAuts
     D:6: 63 daAuts
